 Dungeon Crawl Stone Soup version 0.19-a0-526-gbe2e51c (webtiles) character file.

18 Duffy the Skirmisher (level 2, 20/24 HPs)
             Began as a Demonspawn Fighter on June 7, 2016.
             Quit the game on level 2 of the Dungeon.
             The game lasted 00:00:33 (622 turns).

Duffy the Skirmisher (Demonspawn Fighter)            Turns: 622, Time: 00:00:35

Health: 20/24      AC:  6    Str: 16    XL:     2   Next: 48%
Magic:  2/2        EV:  6    Int:  9    God:
Gold:   29         SH:  8    Dex: 12    Spells: 0 memorised, 1 level left

rFire  . . .     SeeInvis .     a - +0 war axe
rCold  . . .     Gourm    .     b - +0 scale mail
rNeg   . . .     Faith    .     c - +0 shield
rPois  .         Spirit   .     (no helmet)
rElec  .         Dismiss  .     (no cloak)
rCorr  .         Reflect  .     (no gloves)
SustAt .         Harm     .     (no boots)
MR     .....                    (no amulet)
Stlth  ..........               (no ring)
                                (no ring)

@: not resistant to hostile enchantments, extremely unstealthy
A: rot immunity
a: no special abilities


You were on level 2 of the Dungeon.
You were not hungry.

You visited 1 branch of the dungeon, and saw 2 of its levels.

You collected 29 gold pieces.


Innate Abilities, Weirdness & Mutations

You are immune to rotting.


   Skills:
 - Level 3.0 Fighting
 + Level 2.8 Axes
 - Level 2.6 Armour
 - Level 2.6 Shields


You had one spell level left.
You didn't know any spells.

Inventory:

Hand Weapons
 a - a +0 war axe (weapon)
Armour
 b - a +0 scale mail (worn)
 c - a +0 shield (worn)
Scrolls
 e - a scroll of remove curse {unknown}
 h - a scroll of immolation {unknown}
 i - a scroll of enchant armour {unknown}
 j - a scroll of identify {unknown}
Potions
 d - a potion of might
 g - a potion of curing {unknown}
Comestibles
 f - a bread ration

Dungeon Overview and Level Annotations

Branches:
Dungeon (2/15)

Altars:
Yredelemnul


Message History

You slash the hobgoblin!
You kill the hobgoblin!
The giant newt bites you but does no damage.
You see here a hobgoblin corpse.
You miss the giant newt. The giant newt closely misses you.
You closely miss the giant newt. You block the giant newt's attack.
You miss the giant newt. You block the giant newt's attack.
The giant newt bites you but does no damage.
You barely miss the giant newt.
The giant newt bites you but does no damage.
Your shield prevents you from hitting the giant newt.
The giant newt bites you.
The giant newt bites you but does no damage.
You hit the giant newt.
You kill the giant newt!
The bat hits you but does no damage. You block the bat's attack.
You barely miss the bat. You block the bat's attack.
The bat hits you but does no damage.
You barely miss the bat. The bat barely misses you.
You slash the bat!
You kill the bat!
No target in view!
No target in view!
No target in view!
No target in view!
No target in view!
No target in view!
No target in view!
No target in view!
No target in view!
No target in view!
No target in view!
No target in view!
No target in view!
A giant cockroach comes into view.
A giant cockroach is nearby!
A giant cockroach is nearby!
You hit the giant cockroach.
The giant cockroach is heavily wounded.
The giant cockroach bites you but does no damage. x2
A giant gecko comes into view.
The giant cockroach bites you but does no damage.
Found 12 gold pieces.
Found a dagger.
Found a stone staircase leading down.
The giant gecko bites you.
The giant gecko bites you but does no damage.
The giant cockroach completely misses you.
The giant gecko bites you.
There is a stone staircase leading down here.
Are you sure you want to abandon this character and quit the game? (Confirm with "yes".)

#######
##.....##
##@......##
#sl.......#
#.........#
#.........#
#.........####
#..........)..
#.........###
#.$.......#
#######..=#


You could see a giant gecko and a giant cockroach.

Action                   || total
-------------------------++-------
Melee: War axe           ||    55
Armor: Scale mail        ||    27
Dodge: Dodged            ||    19
Block: Shield            ||    26

Notes
Turn   | Place    | Note
--------------------------------------------------------------
     0 | D:1      | Duffy the Demonspawn Fighter began the quest for the Orb.
     0 | D:1      | Reached XP level 1. HP: 18/18 MP: 1/1
     5 | D:1      | Reached skill level 2 in Axes
   220 | D:1      | Gained mutation: You are immune to rotting. [demonic ancestry]
   220 | D:1      | Reached XP level 2. HP: 22/24 MP: 2/2
   456 | D:2      | Found a basalt altar of Yredelemnul.
   622 | D:2      | Quit the game

Skill      XL: |  1 |
---------------+----+-----
Axes           | 2 |  2.8
Fighting       | |  3.0
Armour         | |  2.6
Shields        | |  2.6

Vault maps used:
D:1:      dpeg_arrival_boxes_within_box, minmay_cupped
D:2:      minmay_door_path, kennysheep_ying_yang, led_sif_pool, uniq_robin

Vanquished Creatures
  A dart slug
  A giant gecko
  3 bats
  A giant cockroach
  A goblin
  A hobgoblin
  A quokka
  A giant newt
  4 kobolds
14 creatures vanquished.
